 Dungeon Crawl Stone Soup version 0.26-a0-682-g294304f6e8 (webtiles) character file.

Game seed: 4654874037175793202

1211 Forecaster the Magician (level 8, -1/70 HPs)
             Began as a Naga Hedge Wizard on Oct 20, 2020.
             Hit by a boomerang thrown by an orc warrior (12 damage)
             ... on level 6 of the Dungeon on Oct 21, 2020.
             The game lasted 00:44:29 (6829 turns).

Forecaster the Magician (Naga Hedge Wizard)         Turns: 6829, Time: 00:44:30

Health: -1/70      AC:  8    Str: 15    XL:     8   Next: 46%
Magic:  16/16      EV: 10    Int: 14    God:
Gold:   237        SH:  0    Dex: 13    Spells: 13/18 levels left

rFire    + . .     SeeInvis +   f - +1 dagger (drain)
rCold    x . .     Faith    .   (no shield)
rNeg     . . .     Spirit   .   q - +0 leather armour
rPois    +         Reflect  .   c - +0 hat
rElec    .         Harm     .   (no cloak)
rCorr    .         Rampage  .   i - +2 pair of gloves
MR       +....                  (no barding)
Stlth    ++++......             n - amulet of regeneration
HPRegen  0.61/turn              s - ring of fire
MPRegen  0.15/turn              (no ring)

@: flying, very slow
A: large, rugged brown scales 1, thin skeletal structure 1, see invisible,
deformed body, poison resistance, slowness 2, spit poison 1, AC +2
a: Spit Poison


You were on level 6 of the Dungeon.
You visited 1 branch of the dungeon, and saw 6 of its levels.

You collected 237 gold pieces.

Inventory:

Hand Weapons
 a - a +0 dagger (quivered)
 d - a +0 dagger
 e - a +0 dagger
 f - a +1 dagger of draining (weapon)
 h - a +0 dagger
 j - a +0 dagger
 k - a +0 hunting sling
 l - a +1 flail of draining
 r - a +0 halberd
 t - a +0 falchion
 w - a +0 dagger
 x - a +0 dagger
 D - a +0 dagger
Missiles
 A - 37 poisoned darts
Armour
 b - a +0 robe
 c - a +0 hat (worn)
 i - a +2 pair of gloves (worn)
 m - a +0 ring mail of poison resistance
 q - a +0 leather armour (worn)
 v - a +2 hat
 y - a +0 leather armour
 B - a +0 robe
Jewellery
 n - an amulet of regeneration (around neck)
 s - a ring of fire (left hand)
 u - an uncursed amulet of regeneration
Scrolls
 g - 5 scrolls of magic mapping
 p - 2 scrolls of enchant weapon {unknown}
 C - a scroll of remove curse
 E - a scroll of fog
 J - a scroll of blinking
Potions
 o - a potion of invisibility
 F - a potion of brilliance
 G - a potion of degeneration {unknown}
 H - 2 potions of lignification {unknown}


   Skills:
 + Level 2.4 Fighting
 + Level 3.6 Short Blades
 + Level 2.1 Armour
 + Level 3.1 Dodging
 + Level 5.1 Stealth
 + Level 5.8 Spellcasting
 + Level 1.5 Conjurations
 + Level 3.5 Summonings
 + Level 1.6 Translocations


You had 13 spell levels left.
You knew the following spells:

 Your Spells              Type           Power        Failure   Level
a - Magic Dart            Conj           #...         11%         1
b - Call Imp              Summ           ##......     7%          2
c - Blink                 Tloc           N/A          16%         2

Your spell library contained the following spells:

 Spells                   Type           Power        Failure   Level
 Slow                     Hex            #.......     30%         2
 Gell's Gravitas          Tloc           #.........   30%         3
 Conjure Flame            Conj/Fire      #.......     41%         3
 Mephitic Cloud           Conj/Pois/Air  #.......     43%         3
 Confusing Touch          Hex            #.......     52%         3
 Petrify                  Tmut/Erth      #.......     89%         4
 Metabolic Englaciation   Hex/Ice        #.........   99%         5
 Yara's Violent Unravell  Hex/Tmut       #.........   99%         5


Dungeon Overview and Level Annotations

Branches:
Dungeon (6/15)
 Temple: D:4-7

Altars:
Ru
The Shining One

Annotations:
D:3 3 runed translucent doors, 1994's ghost, amateur MiGl


Innate Abilities, Weirdness & Mutations

You cannot wear boots.
Your serpentine skin is tough. (AC +2)
You have supernaturally acute eyesight. (SInv)
Armour fits poorly on your strangely shaped body.
Your system is resistant to poisons. (rPois)
You cover ground very slowly.
You can spit poison.
You are partially covered in rugged brown scales. (AC +1, +3% HP)
You have a somewhat thin skeletal structure. (Dex +2, Stealth)


Message History

The orc barely misses you. The bullfrog zombie closely misses you.
You hear the brisk hiss of a distant avalanche of sand.
The bullfrog zombie hits you but does no damage.
The orc warrior throws a boomerang.
The boomerang hits you but does no damage.
The weapon returns to the orc warrior!
Found 12 gold pieces.
The orc warrior throws a boomerang.
The boomerang hits you but does no damage.
The weapon returns to the orc warrior!
The bullfrog zombie hits you.
* * * LOW HITPOINT WARNING * * *
Found 3 large rocks.
The bullfrog zombie hits you.
* * * LOW HITPOINT WARNING * * *
The bullfrog zombie hits you.
* * * LOW HITPOINT WARNING * * *
The orc warrior throws a boomerang.
The boomerang hits you!
You die...

...#.### ###.#...........
........ ............. .###.###
#.........#'###. .....#
###....#.....F. ...####
+....#.....# ### ##....###
##.o.o#....##. #.F ##......#
#..###Z....... #5#
##......#########.###.##...#.##.#
................@...#o# ...#.##5#
........####........#o# ...'.$#l#
...(..######........#.##...#..#.#
#.##.......#........#...#'##..#r#
#.##.#####.#.(......###o#.##..#h#
#.##.# #..........# #.#.##..#.#
..##.# ##.........# #.#.##..#..
####.# #.........###.o.......# #
#.# #............###o......


You could see an orc warrior.

Vanquished Creatures
  Edmund (D:3)
  A sky beast (D:5)
  A phantom (D:3)
  A necrophage (D:5)
  5 hounds
  A centaur skeleton (D:4)
  2 orc priests
  5 orc wizards
  Natasha (D:4)
  3 worker ants
  A hound skeleton (D:4)
  2 gnolls
  5 adders
  A shadow imp (D:6)
  An ooze (D:3)
  An adder zombie (D:5)
  2 worms (D:3)
  A dart slug (D:2)
  4 leopard geckos
  21 orcs
  4 giant cockroaches
  5 goblins
  4 hobgoblins
  3 jackals (D:3)
  8 kobolds
  3 quokkas
  A ball python (D:4)
  14 bats
  7 frilled lizards
  A jackal skeleton (D:5)
  A quokka skeleton (D:5)
  11 rats
122 creatures vanquished.

Vanquished Creatures (collateral kills)
  A hound (D:5)
  A centaur skeleton (D:5)
  A jelly (D:4)
  Natasha (twice) (D:4)
  A howler monkey zombie (D:5)
  12 gnolls
  4 worms
  A dart slug (D:2)
  4 orcs
  A hobgoblin (D:2)
  A jackal (D:3)
  A quokka (D:5)
  A ball python (D:5)
  A kobold (D:3)
32 creatures vanquished.

Grand Total: 154 creatures vanquished

Notes
Turn   | Place    | Note
-------+----------+-------------------------------------------
     0 | D:1      | Forecaster the Naga Hedge Wizard began the quest for the
                  | Orb.
     0 | D:1      | Reached XP level 1. HP: 15/15 MP: 4/4
   391 | D:1      | Reached XP level 2. HP: 11/22 MP: 6/6
   749 | D:1      | Learned a level 2 spell: Call Imp
   752 | D:1      | Learned a level 2 spell: Blink
  1275 | D:2      | Gained mutation: You are partially covered in rugged brown
                  | scales. (AC +1, +3% HP) [potion of mutation]
  1275 | D:2      | Gained mutation: You have a somewhat thin skeletal
                  | structure. (Dex +2, Stealth) [potion of mutation]
  1288 | D:2      | Reached XP level 3. HP: 24/30 MP: 0/8
  1363 | D:2      | Found a glowing golden altar of the Shining One.
  1826 | D:2      | Reached XP level 4. HP: 30/38 MP: 4/9
  2294 | D:3      | Reached skill level 1 in Short Blades
  2382 | D:3      | Found a sacrificial altar of Ru.
  2416 | D:3      | Reached XP level 5. HP: 44/44 MP: 11/11
  2595 | D:3      | Found a runed translucent gate.
  2596 | D:3      | Found a runed translucent gate.
  2596 | D:3      | Found a runed translucent gate.
  2598 | D:3      | Noticed 1994's ghost (amateur MiGl)
  2796 | D:3      | Reached skill level 1 in Fighting
  2827 | D:3      | Reached XP level 6. HP: 24/52 MP: 7/12
  2992 | D:4      | Noticed Edmund
  3030 | D:3      | Killed Edmund
  3418 | D:4      | Noticed Natasha
  3448 | D:4      | Noticed a phantom
  3545 | D:3      | Killed a phantom
  3545 | D:3      | Reached skill level 1 in Armour
  3545 | D:3      | Reached XP level 7. HP: 58/58 MP: 3/13
  3768 | D:4      | Killed Natasha
  4941 | D:4      | Noticed Natasha
  4968 | D:4      | Killed Natasha
  5298 | D:4      | Noticed Natasha
  5309 | D:4      | Killed Natasha
  5383 | D:5      | Entered Level 5 of the Dungeon
  5414 | D:4      | Reached skill level 5 in Spellcasting
  5801 | D:5      | Reached XP level 8. HP: 65/69 MP: 5/16
  6509 | D:5      | Reached skill level 5 in Stealth
  6829 | D:6      | Hit by a boomerang thrown by an orc warrior

Illustrated notes

Levels and vault maps discovered:
D:1:      saegor_arrival_simple_e, layout_rooms
D:2:      layout_rooms, tso_metal_star
D:3:      layout_basic, ebering_ghost_rock_garden,
          nicolae_ru_sacrificial_ziggurat
D:4:      minmay_wonky_spiral, layout_cave_pools,
          corexii_item_surrounded_by_moat, uniq_edmund, uniq_natasha
D:5:      layout_basic
D:6:      layout_basic, kennysheep_mini, enter_ossuary_2, minmay_manual_maat

Skill      XL: |  1  2  3  4  5  6  7  8 |
---------------+-------------------------+-----
Stealth        | 4 5 |  5.1
Dodging        | 2 3 |  3.1
Spellcasting   | 4 5 |  5.8
Short Blades   | 1 2 3 |  3.6
Summonings     | 2 3 |  3.5
Fighting       | 1 2 |  2.4
Armour         | 1 2 |  2.1
Conjurations   | |  1.5
Translocations | |  1.6

Action                   |  1- 3 |  4- 6 |  7- 9 || total
-------------------------+-------+-------+-------++-------
Melee: Dagger            |    74 |   231 |   223 ||   528
 Cast: Magic Dart        |    26 |    19 |    12 ||    57
       Call Imp          |     6 |    17 |    53 ||    76
       Blink             |       |     1 |    15 ||    16
  Use: Scroll            |     3 |    11 |     7 ||    21
       Potion            |     1 |       |     3 ||     4
 Stab: Sleeping          |     9 |     4 |     6 ||    19
Armor: Robe              |    14 |    31 |       ||    45
       Leather armour    |       |    57 |   115 ||   172
Dodge: Dodged            |    34 |   127 |   152 ||   313

Table legend: (Time is in decaauts)
 A = Elapsed time spent in this place.
 B = Non-inter-level travel time spent in this place.
 C = Inter-level travel time spent in this place.
 D = Time resting spent in this place.
 E = Time spent auto-exploring this place.
 F = Levels seen in this place.
 G = Mean time per level.
                   A        B        C        D        E       F      G
               +--------+--------+--------+--------+--------+-----+--------+
         Total |   7841 |   7752 |     89 |   2466 |   2421 |   6 | 1306.8 |
       Dungeon |   7841 |   7752 |     89 |   2466 |   2421 |   6 | 1306.8 |
               +--------+--------+--------+--------+--------+-----+--------+

Top non-repeatable levels by time:
     D:4: 2279 daAuts
     D:3: 1710 daAuts
     D:1: 1206 daAuts
     D:5: 1204 daAuts
     D:2: 1121 daAuts
     D:6: 320 daAuts
